 Dungeon Crawl Stone Soup version 0.29.1-12-g30fa7ad0bf (webtiles) character file.

Game seed: 3796521196495490357

1227 soggyman666 the Covered (level 8, -1/68 HPs)
             Began as a Minotaur Fighter on Dec 29, 2022.
             Was an Initiate of Trog.
             Slain by a wyvern (11 damage)
             ... on level 6 of the Dungeon.
             The game lasted 00:08:48 (5064 turns).

soggyman666 the Covered (Minotaur Fighter)          Turns: 5064, Time: 00:08:49

Health: -1/68      AC: 15    Str: 23    XL:     8   Next: 23%
Magic:  7/7        EV:  7    Int:  5    God:    Trog [......]
Gold:   356        SH:  5    Dex: 10    Spells: 7/7 levels left

rFire   + . .      SeeInvis .   a - +0 war axe
rCold   + . .      Faith    .   c - +0 buckler
rNeg    . . .      Spirit   .   r - +2 plate armour {rC+}
rPois   .          Reflect  .   (helmet restricted)
rElec   .          Harm     .   (no cloak)
rCorr   .          Rampage  .   (no gloves)
Will    .....                   (no boots)
Stlth   ..........              (no amulet)
HPRegen 0.21/turn               f - ring of flight
MPRegen 0.10/turn               i - ring of protection from fire

@: flying
A: horns 2, retaliatory headbutt
a: Renounce Religion


You were on level 6 of the Dungeon.
You worshipped Trog.
Trog was noncommittal.
You visited 2 branches of the dungeon, and saw 7 of its levels.

You collected 356 gold pieces.

Inventory:

Hand Weapons
 a - a +0 war axe (weapon)
Missiles
 n - 4 poisoned darts (quivered)
Armour
 c - a +0 buckler (worn)
 r - a +2 plate armour of cold resistance (worn)
Jewellery
 f - a ring of flight (left hand)
 i - a ring of protection from fire (right hand)
Scrolls
 e - 2 scrolls of immolation
 h - 2 scrolls of teleportation
 k - a scroll of magic mapping
 l - a scroll of butterflies
 q - a scroll of summoning
 s - a scroll of poison {unknown}
 u - a scroll of identify
 v - a scroll of torment {unknown}
Potions
 b - a potion of haste
 d - 2 potions of might
 g - 2 potions of brilliance {unknown}
 j - 4 potions of curing
 m - 3 potions of heal wounds {unknown}
 o - 2 potions of flight {unknown}
 p - a potion of ambrosia {unknown}
 t - a potion of attraction {unknown}


   Skills:
 - Level 5.3 Fighting
 - Level 6.1 Axes
 + Level 7.0 Armour
 + Level 3.8 Dodging
 + Level 7.0 Shields


You had 7 spell levels left.
You didn't know any spells.
Your spell library contained the following spells:

 Spells                   Type           Power      Damage    Failure   Level
 Airstrike                Air            0%         2d(0-16)  100%        4
 Summon Lightning Spire   Summ/Air       0%         N/A       100%        4
 Lightning Bolt           Conj/Air       0%         1d11      100%        5


Dungeon Overview and Level Annotations

Branches:
Dungeon (6/15)             Temple (1/1) D:5

Altars:
Cheibriados
Dithmenos
Elyvilon
Gozag
Hepliaklqana
Nemelex Xobeh
Ru
Sif Muna
Trog
Uskayaw
Wu Jian
Yredelemnul
Zin
The Shining One

Shops:
D:5 ([

Annotations:
D:4 3 runed translucent doors, FexLirch's ghost, amateur HOCA; Smersh616's ghost, weakling SpDe; fantasyman's ghost, novice FoFi


Innate Abilities, Weirdness & Mutations

You have a pair of horns on your head.
You reflexively headbutt those who attack you in melee.


Message History

The wyvern is lightly wounded.
You block the wyvern's attack.
The wyvern bites you but does no damage.
A wyvern is nearby!
A wyvern is nearby!
A wyvern is nearby!
You hit the wyvern but do no damage.
You headbutt the wyvern, but do no damage.
The wyvern is lightly wounded.
The wyvern bites you.
A wyvern is nearby!
You hit the wyvern but do no damage.
The wyvern is lightly wounded.
The wyvern bites you but does no damage.
The wyvern bites you!
A wyvern is nearby!
You are too injured to fight recklessly!
Unknown command.
You closely miss the wyvern.
The wyvern is lightly wounded.
The wyvern closely misses you.
The wyvern bites you but does no damage.
You barely miss the wyvern.
You headbutt the wyvern, but do no damage.
The wyvern is lightly wounded.
The wyvern bites you but does no damage. x2
You hit the wyvern.
The wyvern is moderately wounded.
The wyvern bites you.
You hit the wyvern.
The wyvern is moderately wounded.
The wyvern bites you!
* * * LOW HITPOINT WARNING * * *
The wyvern barely misses you.
You completely miss the wyvern.
The wyvern is moderately wounded.
The wyvern bites you.
* * * LOW HITPOINT WARNING * * *
The wyvern bites you!
You die...

#. ..
##.#####
#...?..#
#..#.#.###
#..#.....
#..#..####..
#.l@<.......
#.#.#.......
# #.....#.#.
###.#.# .#.#
## #


You could see a wyvern.

Vanquished Creatures
  Grinder (D:3)
  Sigmund (D:3)
  A sky beast (D:4)
  2 ogres
  A phantom (D:5)
  A necrophage (D:4)
  A scorpion (D:5)
  A howler monkey (D:5)
  2 hounds
  A jelly (D:5)
  An iguana (D:4)
  An orc wizard (D:3)
  Robin (D:3)
  4 gnolls (D:3)
  5 adders
  A white imp (D:6)
  An ufetubus (D:5)
  A worm (D:2)
  A dart slug (D:1)
  21 orcs
  6 ball pythons
  7 endoplasms
  4 giant cockroaches
  13 goblins
  9 hobgoblins
  4 jackals (D:5)
  4 quokkas
  6 bats
  2 frilled lizards
  3 kobolds
  5 rats
112 creatures vanquished.

Vanquished Creatures (others)
  7 fungi (D:1)
  4 toadstools (D:1)
11 creatures vanquished.

Grand Total: 123 creatures vanquished

Notes
Turn   | Place    | Note
-------+----------+-------------------------------------------
     0 | D:1      | soggyman666 the Minotaur Fighter began the quest for the
                  | Orb.
     0 | D:1      | Reached XP level 1. HP: 19/19 MP: 0/0
    83 | D:1      | Reached XP level 2. HP: 25/27 MP: 1/1
   350 | D:1      | Found a faded altar of an unknown god.
   491 | D:1      | Reached XP level 3. HP: 33/33 MP: 2/2
  1337 | D:3      | Noticed Grinder
  1344 | D:3      | Paralysed by Grinder for 3 turns
  1349 | D:3      | Killed Grinder
  1350 | D:3      | Reached skill level 5 in Axes
  1350 | D:3      | Reached XP level 4. HP: 15/41 MP: 3/3
  1350 | D:3      | Reached XP level 5. HP: 18/47 MP: 4/4
  1680 | D:3      | Noticed Robin
  1687 | D:3      | Killed Robin
  1688 | D:3      | Reached XP level 6. HP: 44/55 MP: 5/5
  1824 | D:3      | Reached skill level 5 in Armour
  1984 | D:3      | Reached skill level 5 in Fighting
  1994 | D:3      | Noticed Sigmund
  2008 | D:3      | Killed Sigmund
  2009 | D:3      | Reached skill level 5 in Shields
  2191 | D:3      | Reached XP level 7. HP: 53/61 MP: 6/6
  2785 | D:4      | Reached skill level 1 in Dodging
  2877 | D:4      | Found a runed translucent gate.
  2877 | D:4      | Found a runed translucent gate.
  2877 | D:4      | Found a runed translucent gate.
  2878 | D:4      | Noticed Smersh616's ghost (weakling SpDe)
  2878 | D:4      | Noticed FexLirch's ghost (amateur HOCA)
  2878 | D:4      | Noticed fantasyman's ghost (novice FoFi)
  2941 | D:4      | Found a glowing golden altar of the Shining One.
  3924 | D:5      | Entered Level 5 of the Dungeon
  3965 | D:5      | Reached XP level 8. HP: 15/68 MP: 7/7
  4397 | D:5      | Found a staircase to the Ecumenical Temple.
  4420 | D:5      | Found a sacrificial altar of Ru.
  4477 | D:5      | Found Jishaitz's Armour Shop.
  4738 | D:5      | Found Yri Nauj's Weapon Shoppe.
  4837 | Temple   | Entered the Ecumenical Temple
  5014 | Temple   | Became a worshipper of Trog the Wrathful
  5064 | D:6      | Slain by a wyvern

Illustrated notes

Levels and vault maps discovered:
D:1:      mrwooster_arrival_arrow, layout_rooms,
          nicolae_ecumenical_snake_handling, minmay_gold_behind_fungi,
          minmay_tromino_v7
D:2:      layout_basic, serial_park_tiny_1
D:3:      layout_loops_corners, chequers_avenue, amcnicky_mini_pool_small,
          uniq_robin, uniq_sigmund, uniq_grinder
D:4:      layout_basic, lemuel_tele_altar, gammafunk_ghost_cemetery
D:5:      layout_cave_pools, nicolae_ru_path_of_blood,
          minmay_temple_entry_glassed_door, serial_shops,
          nicolae_lakefront_shop, kennysheep_mini_moat
D:6:      layout_basic, nicolae_overflow_quartered_altars, uniq_edmund,
          uniq_pikel
Temple:   hellmonk_temple_flake

Skill      XL: |  1  2  3  4  5  6  7  8 |
---------------+-------------------------+-----
Axes           | 3 5 6 |  6.1
Fighting       | 4 5 |  5.3
Armour         | 4 5 6 7 |  7.0
Shields        | 4 5 6 7 |  7.0
Dodging        | 3 |  3.8

Action                   |  1- 3 |  4- 6 |  7- 9 || total
-------------------------+-------+-------+-------++-------
Melee: War axe           |    70 |    55 |   117 ||   242
       Headbutt          |    10 |     9 |    23 ||    42
Throw: Dart              |       |     1 |       ||     1
  Use: Scroll            |     3 |       |     4 ||     7
Armor: Scale mail        |    44 |    13 |     4 ||    61
       Plate armour      |       |       |    63 ||    63
Dodge: Dodged            |    26 |    26 |    40 ||    92
Block: Buckler           |    17 |    17 |    37 ||    71
